 Dungeon Crawl Stone Soup version 0.30-a0-639-g3916f1956a (webtiles) character file.

Game seed: 682883985327123724

914 Mitcholas the Cleaver (level 8, -6/46 HPs)
             Began as a Gargoyle Fighter on Jan 15, 2023.
             Was a Follower of Okawaru.
             Mangled by a bone dragon (9 damage)
             ... on level 1 of the Abyss.
             The game lasted 00:08:02 (3725 turns).

Mitcholas the Cleaver (Gargoyle Fighter)            Turns: 3725, Time: 00:08:03

Health: -6/46      AC: 19    Str: 22    XL:     8   Next: 9%
Magic:  8/8        EV:  9    Int:  9    God:    Okawaru [*.....]
Gold:   265        SH:  4    Dex:  9    Spells: 7/7 levels left

rFire   + . .      SeeInvis .    a - +0 war axe
rCold   . . .      Faith    .    c - +0 buckler
rNeg    + + +      Spirit   .    k - +0 pearl dragon scales
rPois   ∞          Reflect  .    b - +0 helmet
rElec   +          Harm     .    y - +0 cloak
rCorr   .          Rampage  .    (no gloves)
Will    .....                    (no boots) Stlth
                                 (no amulet)
HPRegen 0.27/turn                q - ring of positive energy
MPRegen 0.11/turn                v - ring of protection from fire

@: about to teleport
A: sickness immunity, AC +5, negative energy resistance 1, electricity
resistance, torment resistance 1, petrification resistance
a: Renounce Religion, Heroism


You were on level 1 of the Abyss.
You worshipped Okawaru.
Okawaru was aware of your devotion.
You visited 2 branches of the dungeon, and saw 6 of its levels.
You visited the Abyss 1 time.

You collected 265 gold pieces.

Inventory:

Hand Weapons
 a - a +0 war axe (weapon)
Missiles
 e - 5 poisoned darts (quivered)
Armour
 b - a +0 helmet (worn)
 c - a +0 buckler (worn)
 k - +0 pearl dragon scales (worn)
 y - a +0 cloak (worn)
Jewellery
 q - a ring of positive energy (left hand)
 v - a ring of protection from fire (right hand)
 A - an amulet of regeneration
Wands
 B - a wand of flame (9)
Scrolls
 g - 7 scrolls of identify {unknown}
 i - 3 scrolls of teleportation
 j - 3 scrolls of fog {unknown}
 p - a scroll of enchant armour {unknown}
 r - 2 scrolls of amnesia {unknown}
 x - a scroll of noise {unknown}
 z - 2 scrolls of vulnerability {unknown}
Potions
 d - 2 potions of might
 f - 3 potions of degeneration {unknown}
 h - 3 potions of haste {unknown}
 l - 2 potions of brilliance {unknown}
 m - a potion of magic {unknown}
 n - 5 potions of heal wounds {unknown}
 o - a potion of attraction {unknown}
 s - 2 potions of flight {unknown}
 t - a potion of cancellation {unknown}
 u - a potion of curing {unknown}
 w - a potion of lignification {unknown}


   Skills:
 + Level 3.2 Fighting
 * Level 8.4 Axes
 + Level 3.2 Armour
 + Level 3.2 Shields
 + Level 0.0 Invocations
 + Level 0.0 Evocations


You had 7 spell levels left.
You didn't know any spells.
Your spell library contained the following spells:

 Spells                   Type           Power      Damage    Failure   Level
 Wereblood                Tmut           0%         N/A       95%         2
 Portal Projectile        Hex/Tloc       0%         N/A       99%         3
 Blade Hands              Tmut           0%         N/A       100%        5
 Sublimation of Blood     Necr           Unusable   N/A       N/A         2
 Tukima's Dance           Hex            Unusable   N/A       N/A         3
 Summon Hydra             Summ           Unusable   N/A       N/A         7

Dungeon Overview and Level Annotations

Branches:
Dungeon (5/15)             Temple (1/1) D:4

Altars:
Ashenzari
Dithmenos
Elyvilon
Fedhas
Gozag
Hepliaklqana
Kikubaaqudgha
Makhleb
Nemelex Xobeh
Okawaru
Qazlal
Ru
Sif Muna
Trog
Uskayaw
Vehumet
Wu Jian
Xom
Yredelemnul
Zin
The Shining One

Shops:
D:5 [

Annotations:
D:3 2 transporters, jfcaron's ghost, amateur OgAE


Innate Abilities, Weirdness & Mutations

You are immune to sickness and miasma.
Your stone body is resilient. (AC +5)
You are immune to poison.
You resist negative energy. (rN+)
You are resistant to electric shocks. (rElec)
You are resistant to unholy torment.
You are immune to petrification.


Message History

The gnoll bouda gazes fiercely through you!
You feel as though you will be weak longer.
The gnoll bouda hits you but does no damage.
You block the gnoll's attack.
You hit the gnoll bouda but do no damage.
The gnoll bouda is heavily wounded.
You hit the gnoll. The gnoll hits you but does no damage.
The gnoll barely misses you. The gnoll hits you but does no damage.
You blink.
The gnoll is no longer moving quickly.
The gnoll hits you but does no damage.
Your attacks no longer feel as feeble.
Things that are here:
a +0 flail; a +0 spear; a gnoll skeleton The gnoll bouda barks out a call to the hunt!
The gnoll picks up the pace!
You start waiting.
A gnoll is nearby!
You hit the gnoll.
The gnoll is heavily wounded.
The gnoll hits you but does no damage. Space warps horribly around you!
The gnoll hits you with a +2 whip of distortion.
You are cast into the Abyss!
This branch contains the abyssal rune of Zot.
A smoke demon comes into view.
The bone dragon attacks as you move away!
The bone dragon bites you. The bone dragon claws you!
The bone dragon tramples you.
The smoke demon roars!
The smoke demon gestures at you. The ball of steam hits you. You resist.
As you read the scroll labelled JUNLER ZIOXU, it crumbles to dust.
You feel strangely unstable.
You feel the power of the Abyss delaying your translocation!
It was a scroll of teleportation.
The bone dragon bites you! The bone dragon claws you.
The bone dragon tramples you!
* * * LOW HITPOINT WARNING * * *
You hold your ground!
The bone dragon attacks as you move away!
The bone dragon bites you!
You die...

## #. #. ..# #
##. #..#. ...
#.#.....#
#..######......#
#....#§.#§#....
#§@D#...# .
#.#.#####.#
..#§§§ .#
....§§#.. .##.##
... .. . #### .
3. §.


You could see a bone dragon.

Vanquished Creatures
  Sigmund (D:5)
  An ogre (D:5)
  A necrophage (D:5)
  3 scorpions
  2 hounds (D:4)
  An orc priest (D:4)
  An iguana (D:4)
  An orc wizard (D:4)
  Robin (D:2)
  9 gnolls
  8 adders
  2 white imps
  An ufetubus (D:5)
  2 dart slugs
  9 orcs
  10 bats
  7 endoplasms
  2 giant cockroaches (D:1)
  17 goblins
  6 hobgoblins
  3 jackals (D:2)
  5 kobolds
  2 quokkas
  5 ball pythons
  7 frilled lizards
  6 rats
113 creatures vanquished.

Notes
Turn   | Place    | Note
-------+----------+-------------------------------------------
     0 | D:1      | Mitcholas the Gargoyle Fighter began the quest for the Orb.
     0 | D:1      | Reached XP level 1. HP: 14/14 MP: 1/1
    20 | D:1      | Reached skill level 2 in Axes
    54 | D:1      | Reached XP level 2. HP: 10/19 MP: 2/2
   258 | D:1      | Reached skill level 3 in Axes
   260 | D:1      | Reached XP level 3. HP: 23/23 MP: 3/3
   680 | D:2      | Found a stormy altar of Qazlal.
   680 | D:2      | Noticed Robin
   687 | D:2      | Reached XP level 4. HP: 20/28 MP: 4/4
   693 | D:2      | Killed Robin
   694 | D:2      | Reached skill level 4 in Axes
  1059 | D:2      | You fall into a shaft and drop 2 floors!
  1088 | D:3      | Found a transporter.
  1097 | D:3      | Found a transporter.
  1142 | D:3      | Noticed jfcaron's ghost (amateur OgAE)
  1237 | D:3      | Reached XP level 5. HP: 32/32 MP: 5/5
  1908 | D:4      | Reached skill level 5 in Axes
  2241 | D:4      | Reached XP level 6. HP: 37/37 MP: 6/6
  2269 | D:4      | Reached skill level 6 in Axes
  2592 | D:4      | Found a staircase to the Ecumenical Temple.
  2601 | Temple   | Entered the Ecumenical Temple
  2719 | Temple   | Became a worshipper of Warmaster Okawaru
  2745 | D:5      | Entered Level 5 of the Dungeon
  2795 | D:5      | Noticed Sigmund
  2801 | D:5      | Reached XP level 7. HP: 41/41 MP: 7/7
  2857 | D:5      | Found a shimmering altar of Xom.
  2989 | D:5      | Found Cunwiupn's Armour Shoppe.
  3027 | D:5      | Killed Sigmund
  3028 | D:5      | Reached skill level 7 in Axes
  3241 | D:5      | Reached * piety under Okawaru
  3308 | D:4      | Reached skill level 8 in Axes
  3553 | D:5      | Found a broken altar of Ashenzari.
  3632 | D:5      | Reached XP level 8. HP: 46/46 MP: 8/8
  3690 | Abyss:1  | Cast into level 1 of the Abyss (gnoll)
  3720 | Abyss:1  | Noticed a bone dragon
  3721 | Abyss:1  | Noticed a smoke demon
  3725 | Abyss:1  | Mangled by a bone dragon

Illustrated notes

Levels and vault maps discovered:
D:1:      nzn_arrival_water_spiral, layout_rooms
D:2:      layout_loops_ring, basic_altar, minivault_19,
          kennysheep_generic_room_3, uniq_robin
D:3:      layout_loops_ring, gammafunk_ghost_stat_death
D:4:      layout_cave_pools, minmay_temple_entry_proselytizer
D:5:      layout_rooms, general_overflow_altar, lemuel_doored_altar,
          nrook_campfire, minmay_misc_feat_square, grunt_decor_mini_mirrors,
          nicolae_take_the_stairs, uniq_sigmund
Temple:   hellmonk_temple_of_storms
Abyss:1:  base:
Temple

Skill      XL: |  1  2  3  4  5  6  7 |
---------------+----------------------+-----
Axes           | 2 3 4 5 6 8 |  8.4
Fighting       | |  3.2
Armour         | |  3.2
Shields        | |  3.2

Action                   |  1- 3 |  4- 6 |  7- 9 || total
-------------------------+-------+-------+-------++-------
Melee: War axe           |   144 |   159 |   106 ||   409
Throw: Dart              |       |       |     3 ||     3
  Use: Scroll            |       |       |     1 ||     1
Armor: Scale mail        |    43 |       |       ||    43
       Pearl dragon scal |    45 |   110 |    64 ||   219
Dodge: Dodged            |    97 |    68 |    51 ||   216
Block: Buckler           |    38 |    37 |    18 ||    93

Table legend: (Time is in decaauts)
 A = Elapsed time spent in this place.
 B = Non-inter-level travel time spent in this place.
 C = Inter-level travel time spent in this place.
 D = Time resting spent in this place.
 E = Time spent auto-exploring this place.
 F = Levels seen in this place.
 G = Mean time per level.
                   A        B        C        D        E       F      G
               +--------+--------+--------+--------+--------+-----+--------+
         Total |   3843 |   3618 |    225 |    220 |   2371 |   7 |  549.0 |
       Dungeon |   3680 |   3460 |    220 |    220 |   2269 |   5 |  736.0 |
        Temple |    128 |    123 |      5 |      0 |    102 |   1 |  128.0 |
         Abyss |     34 |     34 |      0 |      0 |      0 |   1 |   34.0 |
               +--------+--------+--------+--------+--------+-----+--------+

Top non-repeatable levels by time:
     D:4: 917 daAuts
     D:2: 779 daAuts
     D:5: 760 daAuts
     D:3: 683 daAuts
     D:1: 539 daAuts
  Temple: 128 daAuts
 Abyss:1: 34 daAuts
